 Dungeon Crawl Stone Soup version 0.30-a0-1053-gbd8d5ba0ad (webtiles) character file.

Game seed: 6225253819143104742

1177 Pimp the Skirmisher (level 8, -2/46 HPs)
             Began as a Deep Elf Hunter on Apr 11, 2023.
             Slain by an ogre
             ... wielding a +0 giant spiked club
              (19 damage)
             ... on level 4 of the Dungeon.
             The game lasted 00:20:43 (4152 turns).

Pimp the Skirmisher (Deep Elf Hunter)               Turns: 4152, Time: 00:20:43

Health: -2/46      AC: 16    Str: 14    XL:     8   Next: 18%
Magic:  18/18      EV:  9    Int: 15    God:
Gold:   136        SH:  0    Dex: 20    Spells: 18/18 levels left

rFire   + . .      SeeInvis .    u - +3 dagger (venom)
rCold   . . .      Faith    .    (no shield)
rNeg    . . .      Spirit   .    l - +4 chain mail {rF+}
rPois   .          Reflect  .    w - +0 helmet
rElec   .          Rampage  .    o - +0 cloak
rCorr   .                        (no gloves)
Will    .....                    (no boots) Stlth
                                 (no amulet)
HPRegen 0.27/turn                d - +6 ring of strength
MPRegen 0.16/turn                (no ring)

@: no status effects
A: no striking features
a: no special abilities


You were on level 4 of the Dungeon.
You visited 1 branch of the dungeon, and saw 5 of its levels.

You collected 136 gold pieces.

Inventory:

Hand Weapons
 a - a +0 shortbow
 u - a +3 dagger of venom (weapon)
Missiles
 n - a throwing net
Armour
 h - a +0 chain mail
 l - a +4 chain mail of fire resistance (worn)
 o - a +0 cloak (worn)
 w - a +0 helmet (worn)
Jewellery
 d - a +6 ring of strength (left hand)
 q - a ring of ice
Wands
 v - a wand of polymorph (7)
Scrolls
 b - 2 scrolls of immolation
 e - a scroll of teleportation
Potions
 c - a potion of flight {unknown}
 k - 2 potions of lignification
 m - 3 potions of haste {unknown}
 r - a potion of attraction
 s - 2 potions of berserk rage {unknown}


   Skills:
 - Level 3.0 Fighting
 - Level 0.9 Short Blades
 - Level 8.0 Ranged Weapons
 * Level 4.7 Armour
 - Level 4.0 Dodging
 - Level 1.2 Stealth
 + Level 5.5 Spellcasting


You had 18 spell levels left.
You didn't know any spells.
Your spell library contained the following spells:

 Spells                   Type           Power      Damage    Failure   Level
 Apportation              Tloc           8%         N/A       92%         1
 Necrotise                Necr           16%        1d4       92%         1
 Summon Small Mammal      Summ           16%        N/A       92%         1
 Vampiric Draining        Necr           4%         2d6       100%        3
 Agony                    Necr           4%         N/A       100%        5


Dungeon Overview and Level Annotations

Branches:
Dungeon (5/15)
 Temple: D:4-7

Altars:

Shops:
D:4 [

Annotations:
D:3 1 runed translucent door, Crazy Yiuf


Message History

The black bear looks as sick as possible!
The black bear is severely wounded.
The black bear closely misses you.
The black bear claws you but does no damage.
The black bear closely misses you.
You hit the black bear but do no damage.
The black bear looks as sick as possible!
The black bear is almost dead.
The black bear barely misses you.
The black bear claws you but does no damage. x2
You hit the black bear.
The black bear looks as sick as possible!
The black bear is almost dead.
The black bear closely misses you.
The black bear claws you but does no damage. x2
You barely miss the black bear.
The black bear is almost dead.
You kill the black bear!
Found a dagger.
Found 10 gold pieces.
Found a stone staircase leading down.
An ogre comes into view. It is wielding a +0 giant spiked club.
The ogre shouts!
A sleepcap comes into view.
The ogre hits you with a +0 giant spiked club.
You see here a +0 giant spiked club.
There is a stone staircase leading up, spattered with blood here.
The ogre hits you with a +0 giant spiked club!!
Ouch! That really hurt!
* * * LOW HITPOINT WARNING * * *
You climb upwards.
There is a stone staircase leading down here.
You hit the ogre.
The ogre is poisoned.
The ogre is lightly wounded.
Okay, then.
You feel better.
The ogre hits you with a +0 giant spiked club.
You hit the ogre but do no damage.
The ogre looks as sick as possible!
The ogre is moderately wounded.
The ogre hits you with a +0 giant spiked club!!
You die...

#...#.............#
#...#.............#
##'##.............#
..........#'#######
..........+....#
..........#....#
..........#....#
..........##'##############
########......##@.........#
.......#......#..O........#
.......'......#.....#.....#
.......#......#.....#.....#
..##...#.....[#######.....#
..###'########............#
...#.........#............#
...#.........')...........#
...#.........#...........[#


You could see an ogre (extremely poisoned).

Vanquished Creatures
  Pikel (D:4)
  A black bear (D:5)
  An ogre (D:5)
  A centaur (D:4)
  3 lemures (D:4)
  A phantom (D:4)
  A scorpion (D:4)
  A howler monkey (D:4)
  An orc priest (D:4)
  2 hounds
  2 orc wizards (D:5)
  An iguana (D:4)
  Robin (D:3)
  5 adders
  A worm (D:4)
  3 orcs
  8 endoplasms
  5 giant cockroaches
  15 goblins
  11 hobgoblins
  7 quokkas
  9 ball pythons
  8 bats
  4 frilled lizards
  5 kobolds
  7 rats
105 creatures vanquished.

Notes
Turn   | Place    | Note
-------+----------+-------------------------------------------
     0 | D:1      | Pimp the Deep Elf Hunter began the quest for the Orb.
     0 | D:1      | Reached XP level 1. HP: 12/12 MP: 3/3
   214 | D:1      | Reached XP level 2. HP: 17/17 MP: 4/4
   397 | D:1      | Reached skill level 6 in Ranged Weapons
   818 | D:2      | Reached XP level 3. HP: 20/21 MP: 5/5
  1471 | D:3      | Found a runed translucent door.
  1472 | D:3      | Noticed Crazy Yiuf
  1544 | D:3      | Reached XP level 4. HP: 22/26 MP: 6/6
  2137 | D:4      | Reached skill level 7 in Ranged Weapons
  2176 | D:4      | Noticed Robin
  2247 | D:3      | Killed Robin
  2370 | D:4      | Noticed a phantom
  2402 | D:4      | Killed a phantom
  2403 | D:4      | Reached XP level 5. HP: 15/31 MP: 7/7
  2640 | D:4      | Noticed a lemure
  2640 | D:4      | Noticed a lemure
  2641 | D:4      | Noticed Pikel
  2643 | D:4      | Noticed a lemure
  2787 | D:4      | Noticed Edmund
  2788 | D:4      | Edmund changed into Edmund the centaur
  2788 | D:4      | Noticed Edmund
  2798 | D:4      | Killed Edmund the centaur
  2799 | D:4      | Reached skill level 8 in Ranged Weapons
  2799 | D:4      | Reached skill level 1 in Spellcasting
  2799 | D:4      | Reached XP level 6. HP: 12/37 MP: 7/9
  3004 | D:4      | Reached skill level 1 in Armour
  3191 | D:4      | Found Gatel's Armour Shop.
  3468 | D:5      | Entered Level 5 of the Dungeon
  3611 | D:5      | Reached XP level 7. HP: 15/41 MP: 13/13
  4036 | D:4      | Killed Pikel
  4037 | D:4      | Reached skill level 5 in Spellcasting
  4037 | D:4      | Reached XP level 8. HP: 29/46 MP: 14/17
  4152 | D:4      | Slain by an ogre

Illustrated notes

Levels and vault maps discovered:
D:1:      minmay_arrival_diagonal_passages, layout_basic
D:2:      layout_loops_ring, minmay_misc_feat_cross, minmay_tetromino_o4
D:3:      layout_basic, uniq_crazy_yiuf_cottage
D:4:      layout_gridville, serial_shops, shop, uniq_edmund, uniq_pikel,
          uniq_robin
D:5:      layout_basic, nicolae_overflow_two_pavilions, grunt_decor_fettered,
          uniq_eustachio

Skill      XL: |  1  2  3  4  5  6  7 |
---------------+----------------------+-----
Ranged Weapons | 6 7 8 |  8.0
Fighting       | 2 3 |  3.0
Dodging        | 3 4 |  4.0
Spellcasting   | 1 3 5 |  5.5
Armour         | 2 4 |  4.7
Short Blades   | |  0.9
Stealth        | |  1.2

Action                     |  1- 3 |  4- 6 |  7- 9 || total
---------------------------+-------+-------+-------++-------
  Melee: Dagger            |       |    55 |    55 ||   110
         Unarmed           |       |     3 |       ||     3
         Punch             |       |     1 |     1 ||     2
   Fire: Shortbow          |   129 |   142 |    28 ||   299
  Evoke: Wand              |       |     1 |       ||     1
    Use: Scroll            |     4 |     7 |       ||    11
         Potion            |       |     3 |     2 ||     5
   Stab: Invisible         |       |     2 |       ||     2
 Armour: Scale mail        |    26 |    40 |       ||    66
         Skin              |       |     2 |       ||     2
         Chain mail        |       |    28 |    73 ||   101
  Dodge: Dodged            |    50 |    68 |    41 ||   159

Table legend: (Time is in decaauts)
 A = Elapsed time spent in this place.
 B = Non-inter-level travel time spent in this place.
 C = Inter-level travel time spent in this place.
 D = Time resting spent in this place.
 E = Time spent auto-exploring this place.
 F = Levels seen in this place.
 G = Mean time per level.
                   A        B        C        D        E       F      G
               +--------+--------+--------+--------+--------+-----+--------+
         Total |   4275 |   3950 |    325 |    687 |   2086 |   5 |  855.0 |
       Dungeon |   4275 |   3950 |    325 |    687 |   2086 |   5 |  855.0 |
               +--------+--------+--------+--------+--------+-----+--------+

Top non-repeatable levels by time:
     D:4: 1703 daAuts
     D:3: 983 daAuts
     D:2: 770 daAuts
     D:1: 663 daAuts
     D:5: 155 daAuts
